 Dungeon Crawl Stone Soup version 0.20.1-1-g8b1a95d (webtiles) character file.

46 digijack the Chopper (level 3, 0/29 HPs)
             Began as a Demonspawn Berserker on Nov 3, 2017.
             Was a Believer of Trog.
             Succumbed to an adder's poison
             ... on level 2 of the Dungeon.
             The game lasted 00:10:57 (1815 turns).

digijack the Chopper (Demonspawn Berserker)         Turns: 1815, Time: 00:10:57

Health: 0/29       AC:  2    Str: 17    XL:     3   Next: 46%
Magic:  0/3        EV: 12    Int:  8    God:    Trog [**....]
Gold:   148        SH:  0    Dex: 13    Spells: 2/2 levels left

rFire    . . .     SeeInvis .   a - +0 hand axe
rCold    . . .     Gourm    .   (no shield)
rNeg     . . .     Faith    .   b - +0 animal skin
rPois    .         Spirit   +   (no helmet)
rElec    .         Reflect  .   (no cloak)
rCorr    .         Harm     .   (no gloves)
MR       .....                  (no boots)
Stlth    +++.......             (no amulet)
Regen    0.1/turn               (no ring)
MPRegen  0.1/turn               (no ring)

@: lethally poisoned (0 -> -7)
A: nightstalker 1, magic shield
a: Berserk, Trog's Hand, Burn Spellbooks, Renounce Religion


You were on level 2 of the Dungeon.
You worshipped Trog.
Trog was pleased with you.
You were not hungry.

You visited 1 branch of the dungeon, and saw 2 of its levels.

You collected 148 gold pieces.

Inventory:

Hand Weapons
 a - a +0 hand axe (weapon)
Armour
 b - a +0 animal skin (worn)
Scrolls
 e - 3 scrolls of identify
 g - a scroll of teleportation
Potions
 j - a potion of mutation {unknown}
Comestibles
 c - a bread ration
 d - a royal jelly
 f - a chunk of flesh
 h - 10 fruits
 i - a meat ration


   Skills:
 - Level 3.2 Fighting
 + Level 3.5 Axes
 - Level 1.8 Armour
 - Level 1.8 Dodging
 * Level 1.5 Stealth


You had 2 spell levels left.
You didn't know any spells.

Dungeon Overview and Level Annotations

Branches:
Dungeon (2/15)

Altars:


Innate Abilities, Weirdness & Mutations

You are slightly more attuned to the shadows.
When hurt, damage is shared between your health and your magic reserves.


Message History

You miss the adder.
The adder is heavily wounded.
You hit the dart slug. The adder misses you. The adder closely misses you.
The dart slug completely misses you.
You closely miss the adder.
The adder is heavily wounded.
You hit the dart slug.
* * * LOW HITPOINT WARNING * * *
You feel sick. The adder bites you.
* * * LOW HITPOINT WARNING * * *
The dart slug closely misses you.
* * * LOW HITPOINT WARNING * * *
You feel sick. The adder bites you.
* * * LOW HITPOINT WARNING * * *
You completely miss the adder.
The adder is heavily wounded.
* * * LOW HITPOINT WARNING * * *
You feel sick. The adder bites you.
* * * LOW HITPOINT WARNING * * *
You die...

..###.#.#......'......#
......#........########
..#########'######## ..#
#....#........#
..####.##.#........#
..........#........#
#.####.#..#........#####
#.##...#..#.............
#.##.....<#.....@.).....
#.#########.....S.......
#.. +.....w....... #.#
#............. #.#
#....<......?.
#+#########.............
.........##.............
.........##.............
.........##............


You could see an adder and a dart slug.

Vanquished Creatures
  A dart slug (D:1)
  2 leopard geckos (D:1)
  6 goblins
  8 hobgoblins
  3 jackals
  2 quokkas (D:2)
  2 ball pythons (D:1)
  4 bats
  3 frilled lizards (D:2)
  4 kobolds
  5 rats
40 creatures vanquished.

Notes
Turn   | Place    | Note
-------+----------+-------------------------------------------
     0 | D:1      | digijack the Demonspawn Berserker began the quest for the Orb.
     0 | D:1      | Reached XP level 1. HP: 18/18 MP: 1/1
   319 | D:1      | Gained mutation: You are slightly more attuned to the shadows. [demonic ancestry]
   319 | D:1      | Reached XP level 2. HP: 24/24 MP: 2/2
   926 | D:1      | Reached skill level 1 in Stealth
  1250 | D:2      | Gained mutation: When hurt, damage is shared between your health and your magic reserves. [demonic ancestry]
  1250 | D:2      | Reached XP level 3. HP: 29/29 MP: 3/3
  1391 | D:2      | Reached ** piety under Trog
  1813 | D:2      | HP: 1/29 [adder (3)]
  1815 | D:2      | Succumbed to an adder's poison

Skill      XL: |  1  2 |
---------------+-------+-----
Axes           | 3 |  3.5
Stealth        | 1 |  1.5
Fighting       | |  3.2
Armour         | |  1.8
Dodging        | |  1.8

Action                   || total
-------------------------++-------
Melee: Hand axe          ||   129
Invok: Berserk           ||     2
  Use: Scroll            ||     6
       Potion            ||     3
 Stab: Sleeping          ||     8
  Eat: Chunk             ||     4
       Fruit             ||     1
Armor: Animal skin       ||    21
Dodge: Dodged            ||   101
